Construct Section Command Post
Construct Platoon Command Post
Selects Heavy Armor Battlegroup
Selects Heavy Armor Battlegroup
6-pounder Anti-tank Gun Team
Selects Light Vehicle Withdraw and Refit
Unlock M3 Stuart Light Tanks
Unlock Bishop Self-propelled Artillery
Selects Designate Targets
Bishop Self-propelled Artillery
Selects Rigorous Vehicle Training
Bishop Self-propelled Artillery
Selects Forward Repair Assembly